Construct Infanterie Kompanie
Selects Luftwaffe Battlegroup
Selects Luftwaffe Pioneer Support
Fallschirmpioneer Squad Paradrop
Construct Panzergrenadier Kompanie
Selects Stuka Strafing Run
Selects Fallschirmjäger Squad Paradrop
Fallschirmjäger Squad Paradrop
Pak 40 Anti-tank Gun Team
Selects LG40 Recoilless Gun Paradrop
LG40 Recoilless Gun Paradrop
Pak 40 Anti-tank Gun Team
LG40 Recoilless Gun Paradrop
Construct Panzergrenadier Kompanie
Selects Infantry Reserves
Construct Panzer Kompanie
Nebelwerfer 42 Rocket Launcher Team
Fallschirmjäger Squad Paradrop
Fallschirmpioneer Squad Paradrop
Fallschirmjäger Squad Paradrop